 Dungeon Crawl Stone Soup version 0.26.1-11-gd32895ea62 (webtiles) character file.

Game seed: 2348234220583301590

170 Granthy the Chopper (level 5, -6/41 HPs)
             Began as a Demonspawn Fighter on July 26, 2021.
             Was an Initiate of Makhleb.
             Mangled by an orc
             ... wielding a +0 trident
              (8 damage)
             ... on level 3 of the Dungeon.
             The game lasted 00:03:31 (2691 turns).

Granthy the Chopper (Demonspawn Fighter)            Turns: 2691, Time: 00:03:32

Health: -6/41      AC:  6    Str: 18    XL:     5   Next: 25%
Magic:  5/5        EV:  9    Int:  9    God:    Makhleb [......]
Gold:   162        SH:  9    Dex: 12    Spells: 4/4 levels left

rFire    . . .     SeeInvis .   a - +0 war axe
rCold    . . .     Faith    .   c - +0 kite shield
rNeg     . . .     Spirit   .   m - +0 scale mail (curse)
rPois    .         Reflect  .   (no helmet)
rElec    .         Harm     .   (no cloak)
rCorr    .         Rampage  .   (no gloves)
Will     .....                  (no boots)
Stlth    ..........             (no amulet)
HPRegen  0.13/turn              (no ring)
MPRegen  0.09/turn              (no ring)

@: no status effects
A: repulsion field 1, miasma immunity
a: Renounce Religion


You were on level 3 of the Dungeon.
You worshipped Makhleb.
Makhleb was noncommittal.
You visited 1 branch of the dungeon, and saw 3 of its levels.

You collected 162 gold pieces.

Inventory:

Hand Weapons
 a - a +0 war axe (weapon)
 o - a +0 hand crossbow
Armour
 b - a +0 scale mail
 c - a +0 kite shield (worn)
 i - a +0 chain mail
 m - a cursed +0 scale mail (worn)
Scrolls
 e - a scroll of amnesia {unknown}
 f - a scroll of remove curse {unknown}
 k - a scroll of fog {unknown}
 l - a scroll of identify {unknown}
Potions
 d - 2 potions of might
 g - a potion of haste {unknown}
 h - 3 potions of flight {unknown}
 j - a potion of brilliance {unknown}
 n - a potion of heal wounds {unknown}


   Skills:
 + Level 3.5 Fighting
 * Level 4.0 Axes
 - Level 3.1 Armour
 - Level 0.1 Dodging
 - Level 3.2 Shields


You had 4 spell levels left.
You didn't know any spells.
Your spell library was empty.

Dungeon Overview and Level Annotations

Branches:
Dungeon (3/15)

Altars:
Makhleb

Annotations:
D:3 1 transporter, nedwor777's ghost, weakling HuDe


Innate Abilities, Weirdness & Mutations

You are surrounded by a mild repulsion field. (EV +2)
You are immune to miasma.


Message History

An orc comes into view. It is wielding a +0 trident.
The orc shouts!
Items here: ! ) ? [ †.
An orc and an orc priest come into view.
The orc priest is wielding a +2 dagger of venom.
The orc shouts!
The orc priest mumbles some strange prayers to Beogh against you.
Beogh smites you! The orc hits you with a +0 trident!
* * * LOW HITPOINT WARNING * * *
Found a hat and a helmet.
The orc closely misses you.
Items here: ! ) ? [ †.
There is an open door here.
The orc priest calls down the wrath of Beogh upon you.
Beogh smites you!
* * * LOW HITPOINT WARNING * * *
The orc priest miscasts a cantrip.
There is a stone staircase leading up here.
The orc hits you from afar with a +0 trident!
You die...

##.## #.##.##.# #..# #.#
#.##.##.# #..# #†# #.##.##.# #..#
# ##'## #.##..#.# #... .##
##...## #.###.#.# ##..
#.###.....## #....†..# ###
#.##.......######..### #
##.#...†.....####...########
#..###).'.o.o.o.@.+..............
#....###.........####...########
##..## ##.......## ##..# ##.
##.....## ##.# #. ##...## #.# #o
##+## ... [[ ..# #. .. #.


You could see an orc priest and 2 orcs.

Vanquished Creatures
  A hound (D:2)
  An orc wizard (D:3)
  4 adders
  An ooze (D:3)
  2 dart slugs (D:1)
  A leopard gecko (D:1)
  5 orcs (D:3)
  6 bats
  A giant cockroach (D:1)
  8 goblins
  6 hobgoblins (D:1)
  4 jackals (D:2)
  6 kobolds
  3 ball pythons
  A frilled lizard (D:2)
  10 rats
60 creatures vanquished.

Notes
Turn   | Place    | Note
-------+----------+-------------------------------------------
     0 | D:1      | Granthy the Demonspawn Fighter began the quest for the Orb.
     0 | D:1      | Reached XP level 1. HP: 18/18 MP: 1/1
   104 | D:1      | Gained mutation: You are surrounded by a mild repulsion
                  | field. (EV +2) [demonic ancestry]
   104 | D:1      | Reached XP level 2. HP: 18/24 MP: 2/2
   216 | D:1      | Reached skill level 2 in Axes
   584 | D:1      | Gained mutation: You are immune to miasma. [demonic
                  | ancestry]
   584 | D:1      | Reached XP level 3. HP: 29/29 MP: 3/3
  1627 | D:2      | Reached XP level 4. HP: 35/35 MP: 4/4
  1720 | D:2      | Found a burning altar of Makhleb.
  1728 | D:2      | Reached skill level 3 in Axes
  1733 | D:2      | Became a worshipper of Makhleb the Destroyer
  2061 | D:3      | Found a transporter.
  2065 | D:3      | Noticed nedwor777's ghost (weakling HuDe)
  2076 | D:3      | Reached XP level 5. HP: 19/41 MP: 5/5
  2609 | D:3      | Reached skill level 4 in Axes
  2686 | D:3      | HP: 1/41 [orc priest/divine providence (11)]
  2691 | D:3      | Mangled by an orc

Illustrated notes

Levels and vault maps discovered:
D:1:      erik_arrival_orb_chamber, layout_loops_ring
D:2:      layout_rooms, grunt_ministairs_13, makhleb_blood_cavern_becter
D:3:      layout_loops_corners, gammafunk_ghost_stat_death

Skill      XL: |  1  2  3  4  5 |
---------------+----------------+-----
Axes           | 2 3 4 |  4.0
Armour         | 3 |  3.1
Shields        | 3 |  3.2
Fighting       | |  3.5
Dodging        | |  0.1

Action                   |  1- 3 |  4- 6 || total
-------------------------+-------+-------++-------
Melee: War axe           |   122 |    75 ||   197
Armor: Scale mail        |    37 |    27 ||    64
       Chain mail        |    47 |    26 ||    73
Dodge: Dodged            |    46 |    29 ||    75
Block: Kite shield       |    78 |    40 ||   118
